 Dungeon Crawl Stone Soup version 0.15-a0-357-g27e906a (console) character file.

298 rchandra the Twirler (level 5, -4/38 HPs)
             Began as a Demonspawn Gladiator on Apr 29, 2014.
             Slain by an orc
             ... wielding a +0,+0 flail
              (9 damage)
             ... on Level 4 of the Dungeon.
             The game lasted 00:06:45 (3019 turns).

rchandra the Twirler (Demonspawn Gladiator)         Turns: 3019, Time: 00:06:45

HP  -4/38        AC  8     Str 16      XL: 5   Next: 23%
MP  14/14        EV  6     Int  9      God:
Gold 131         SH  0     Dex 14      Spells:  0 memorised,  4 levels left

rFire  . . .     SeeInvis .     a - +0 quarterstaff
rCold  . . .     Clarity  .     C - +0 chain mail (curse)
rNeg   . . .     Conserve .     (no shield)
rPois  .         rCorr    .     (helmet restricted)
rElec  .         rRot     .     (no cloak)
SustAb . .       Spirit   .     (no gloves)
rMut   .         Warding  .     (no boots)
Saprov + . .     Stasis   .     (no amulet)
MR     .....                    (no ring)
                                t - ring of magical power

@: not resistant to hostile enchantments, extremely unstealthy
A: horns 1, saprovore 1
a: no special abilities


You were on level 4 of the Dungeon.
You were not hungry.

You visited 1 branch of the dungeon, and saw 4 of its levels.

You collected 131 gold pieces.

Inventory:

Hand weapons
 a - a +0,+0 quarterstaff (weapon)
 y - the +10,+6 short sword "Ogre's Demise" {slice, rPois rC+ MR+}
   (You found it on level 4 of the Dungeon)

   It inflicts extra damage upon your enemies.
   It protects you from cold.
   It protects you from poison.
   It affects your resistance to hostile enchantments.
Missiles
 d - 3 throwing nets (quivered)
 r - 22 poisoned needles
 E - 2 tomahawks
Armour
 b - a +0 chain mail
 C - a cursed +0 chain mail (worn)
Comestibles
 f - 2 bread rations
 g - a pear
 A - 2 rotting chunks of worm flesh {@w1}
 B - a chunk of adder flesh {@w1}
 D - 2 chunks of orc flesh {@w1}
Scrolls
 e - a scroll of random uselessness {unknown}
 j - a scroll of magic mapping {unknown}
 k - a scroll of teleportation {unknown}
 m - 3 scrolls of blinking {unknown}
 n - a scroll of amnesia {unknown}
 o - a scroll of enchant weapon I {unknown}
 p - a scroll of fear {unknown}
 q - 4 scrolls of identify {unknown}
 v - 2 scrolls of remove curse {unknown}
 x - a scroll of enchant weapon II {unknown}
Jewellery
 t - a ring of magical power (left hand)
   (You found it on level 2 of the Dungeon)
Potions
 c - a potion of resistance {unknown}
 i - 2 potions of curing
 w - a potion of agility
 z - a potion of haste {unknown}


   Skills:
 - Level 2.0 Fighting
 + Level 5.4 Staves
 - Level 1.7 Throwing
 - Level 2.6 Dodging


You had 4 spell levels left.
You didn't know any spells.

Dungeon Overview and Level Annotations

Branches:
Dungeon (4/15)
 Temple: D:4-7

Altars:


Innate Abilities, Weirdness & Mutations

You have a pair of small horns on your head.
You can tolerate rotten meat.


Message History

* * * LOW HITPOINT WARNING * * *
Huge Dmg: -29%(-11hp) hp: 35%(13hp)
You sock the orc wizard!
The orc wizard is severely wounded.
The orc wizard hits you but does no damage.
The orc hits you with a flail!
* * * LOW HITPOINT WARNING * * *
The orc wizard hits you but does no damage.
Huge Dmg: -21%(-8hp) hp: 14%(5hp) Drink which item? (? for menu, Esc to quit)
You feel better.
It was a potion of curing.
The orc hits you but does no damage.
The orc wizard points at you and mumbles some strange words.
The magic dart hits you!
* * * LOW HITPOINT WARNING * * *
You hit the orc wizard.
You headbutt the orc wizard, but do no damage.
The orc wizard is severely wounded.
The orc hits you with a flail!
You die...

#. ##########.#
#...#.# #.#.#.#
#.#.#.####.#
#.#.#......##.
#.#...........#
#.#.##########
#.###
#ж#############.
#oo.............
###############o


You could see an orc wizard and an orc.

Vanquished Creatures
  An orc wizard (D:3)
  Jessica (D:3)
  2 adders (D:3 D:4)
  4 worms (D:2 D:3)
  3 giant geckos (D:1 D:3)
  2 oozes (D:1)
  9 orcs (D:3 D:4)
  10 bats (D:1 D:2 D:3 D:4)
  2 giant cockroaches (D:1 D:3)
  2 goblins (D:1 D:3)
  9 hobgoblins (D:1 D:2 D:3)
  2 quokkas (D:2)
  A ball python (D:3)
  A giant newt (D:3)
  A gnoll skeleton (D:4)
  4 jackals (D:1 D:2)
  9 kobolds (D:1 D:2 D:3)
  10 rats (D:1 D:2 D:3)
73 creatures vanquished.

Notes
Turn   | Place    | Note
--------------------------------------------------------------
     0 | D:1      | rchandra, the Demonspawn Gladiator, began the quest for the Orb.
     0 | D:1      | Reached XP level 1. HP: 16/16 MP: 1/1
   232 | D:1      | Reached skill level 3 in Staves
   354 | D:1      | Gained mutation: You have a pair of small horns on your head. [demonic ancestry]
   354 | D:1      | Reached XP level 2. HP: 22/22 MP: 2/2
  1057 | D:2      | Huge Dmg: 7 dmg
  1059 | D:2      | Gained mutation: You can tolerate rotten meat. [demonic ancestry]
  1059 | D:2      | Reached XP level 3. HP: 17/27 MP: 3/3
  1196 | D:2      | Reached skill level 4 in Staves
  2021 | D:3      | Reached XP level 4. HP: 33/33 MP: 4/4
  2182 | D:3      | Noticed Jessica
  2187 | D:3      | Killed Jessica
  2187 | D:3      | Reached skill level 5 in Staves
  2434 | D:3      | Reached XP level 5. HP: 36/38 MP: 5/5
  2774 | D:4      | Got an ichor-stained short sword
  2775 | D:4      | Identified the +10,+6 short sword "Ogre's Demise" {slice, rPois rC+ MR+} (You found it on level 4 of the Dungeon)
  3013 | D:4      | Huge Dmg: 7 dmg
  3017 | D:4      | Huge Dmg: 11 dmg
  3018 | D:4      | Huge Dmg: 8 dmg
  3019 | D:4      | Slain by an orc

Action                   |  1- 3 |  4- 6 || total
-------------------------+-------+-------++-------
Melee: Quarterstaff      |   127 |    74 ||   201
  Use: Potion            |       |     1 ||     1

Vault maps used:
D:1:      saegor_arrival_simple_b
D:3:      uniq_jessica
D:4:      kennysheep_generic_room_15
